[Event "Late-Titled-Tuesday-Blitz-February-06-2024"]
[Site "Chess.com"]
[Date "2024.02.06"]
[Round "2"]
[White "CaspiIsrael"]
[Black "DraningWaterHi"]
[Result "1-0"]
[WhiteElo "2680"]
[BlackElo "2180"]
[TimeControl "180+1"]
[EndTime "14:14:04 PST"]
[Termination "CaspiIsrael won by resignation"]

1. Nf3 Nf6 2. g3 g6 3. Bg2 Bg7 4. O-O O-O 5. d4 d6 6. a4 a5 7. Re1 Nbd7 8. e4 e5 9. Nc3 c6 10. h3 h6 11. Be3 Qe7 12. Qd2 Rd8 13. Bxh6 exd4 14. Nxd4 Nc5 15. Bxg7 Kxg7 16. Rad1 Rh8 17. g4 Rd8 18. Qf4 Nfd7 19. Qg3 Ne5 20. f4 Nc4 21. b3 Nb6 22. e5 d5 23. f5 Qg5 24. h4 Qh6 25. g5 Qh8 26. e6 Qf8 27. e7 1-0

[Event "Late-Titled-Tuesday-Blitz-February-06-2024"]
[Site "Chess.com"]
[Date "2024.02.06"]
[Round "2"]
[White "nindjaxx8"]
[Black "Arystanner"]
[Result "0-1"]
[WhiteElo "2559"]
[BlackElo "2848"]
[TimeControl "180+1"]
[EndTime "14:14:08 PST"]
[Termination "Arystanner won by resignation"]

1. d4 d5 2. c4 e6 3. Nc3 Nf6 4. Bg5 Be7 5. e3 h6 6. Bh4 Nbd7 7. cxd5 exd5 8. Nf3 c6 9. Bd3 O-O 10. O-O Re8 11.
Qc2 Ne4 12. Bxe7 Qxe7 13. Rab1 a5 14. a3 Ndf6 15. b4 axb4 16. axb4 Nxc3 17. Qxc3 Ne4 18. Qc2 Nd6 19. b5 cxb5 20. Bxb5 Bf5 21. Bd3 Rec8 22.
Qe2 Ne4 23. Rbc1 Bg4 24. h3 Bh5 25. Rxc8+ Rxc8 26. g4 Bg6 27. Ne5 Nc3 28. Qf3 Bxd3 29. Nxd3 b5 30. Nf4 Qe4 31. Qxe4 dxe4 32. Rc1 g5 0-1

[Event "Late-Titled-Tuesday-Blitz-February-06-2024"]
[Site "Chess.com"]
[Date "2024.02.06"]
[Round "2"]
[White "Polish_fighter3000"]
[Black "dcremisi"]
[Result "1-0"]
[WhiteElo "3041"]
[BlackElo "2648"]
[TimeControl "180+1"]
[EndTime "14:14:13 PST"]
[Termination "Polish_fighter3000 won by resignation"]

1. e4 e6 2. d4 d5 3. exd5 exd5 4. Nf3 Nf6 5. Bd3 Bd6 6. Qe2+ Qe7 7. Qxe7+ Bxe7 8.
Bf4 c6 9. Nbd2 h6 10. h3 Be6 11. O-O-O Nbd7 12. Rhe1 O-O 13. Re2 Rfe8 14. Rde1 Nb6 15.
c3 Rad8 16. Bc7 Rc8 17. Bh2 c5 18. dxc5 Bxc5 19. Nb3 Bf8 20. Na5 Re7 21. Nd4 Rce8 22. Bd6 Rd7 23. Bxf8 Kxf8 24. Bb5 1-0

[Event "Late-Titled-Tuesday-Blitz-February-06-2024"]
[Site "Chess.com"]
[Date "2024.02.06"]
[Round "2"]
[White "JaackCamel"]
[Black "bitter-cikolata"]
[Result "0-1"]
[WhiteElo "2189"]
[BlackElo "2484"]
[TimeControl "180+1"]
[EndTime "14:14:24 PST"]
[Termination "bitter-cikolata won by resignation"]

1. d4 Nf6 2. c4 e6 3. Nc3 d5 4. cxd5 exd5 5. Bg5 c6 6. e3 Be7 7. Bd3 h6 8. Bh4 O-O 9. Qc2 Nbd7 10. Nge2 Re8 11.
O-O Nf8 12. h3 Nh5 13. Bxe7 Qxe7 14. Rab1 a5 15. a3 g5 16. Bf5 Ng7 17. Bxc8 Raxc8 18. Ng3 Qe6 19. Na4 f5 20. Nc5 Qf7 21. Nd3 Ng6 22.
Rbe1 Re7 23. Qc5 a4 24. Qd6 Rce8 25. Nc5 f4 26. Ne2 Nf5 0-1

[Event "Late-Titled-Tuesday-Blitz-February-06-2024"]
[Site "Chess.com"]
[Date "2024.02.06"]
[Round "2"]
[White "koncheto"]
[Black "SuanFernandes"]
[Result "0-1"]
[WhiteElo "2510"]
[BlackElo "2314"]
[TimeControl "180+1"]
[EndTime "14:14:31 PST"]
[Termination "SuanFernandes won by resignation"]

1. e4 c6 2. d4 d5 3. Nc3 dxe4 4. Nxe4 Nf6 5. Ng5 Bf5 6. N1f3 h6 7. Nxf7 Kxf7 8. Ne5+ Kg8 9. Bc4+ Nd5 10. a4 e6 11.
O-O Nd7 12. f4 Nxe5 13. fxe5 Be7 14. Bd3 Bxd3 15. Qxd3 Bg5 16. Qh3 Nc7 17. Bf4 Qxd4+ 18. Kh1 Bxf4 19. Rad1 Qxe5 20. Rd7 Rf8 0-1

[Event "Late-Titled-Tuesday-Blitz-February-06-2024"]
[Site "Chess.com"]
[Date "2024.02.06"]
[Round "2"]
[White "ChessBrainiacOnTwitch"]
[Black "PapaieDudu"]
[Result "1-0"]
[WhiteElo "2858"]
[BlackElo "2401"]
[TimeControl "180+1"]
[EndTime "14:14:34 PST"]
[Termination "ChessBrainiacOnTwitch won by checkmate"]

1. e4 c5 2. Nf3 d6 3. g3 Nc6 4. Bg2 Nf6 5. Qe2 g6 6. O-O Bg7 7. c3 O-O 8. d4 cxd4 9. cxd4 d5 10. e5 Ne4 11. Nc3 Nxc3 12. bxc3 h6 13. Re1 Kh7 14. h4 Qd7 15. h5 Nd8 16. a4 Qg4 17. hxg6+ fxg6 18. Qe3 Bf5 19. Ba3 Rf7 20. Nh2 Qg5 21. f4 Qh5 22. Bf3 Qh3 23. Bxd5 e6 24. Bg2 Qh5 25.
Kf2 g5 26. Rh1 Qg6 27. Nf3 Be4 28. Nxg5+ Kg8 29. Nxe4 Nc6 30. Rab1 Ne7 31. Nd6 Nd5 32. Bxd5 exd5 33. Nxf7 Qc2+ 34. Qe2 Qxe2+ 35. Kxe2 Kxf7 36. Rxb7+ Kg6 37. f5+ Kxf5 38. Rxg7 Ke4 39. Rh4+ Kf5 40. Rf4+ Ke6 41. Rf6# 1-0

[Event "Late-Titled-Tuesday-Blitz-February-06-2024"]
[Site "Chess.com"]
[Date "2024.02.06"]
[Round "2"]
[White "GHANDEEVAM2003"]
[Black "only_strong_moves"]
[Result "1-0"]
[WhiteElo "3040"]
[BlackElo "2645"]
[TimeControl "180+1"]
[EndTime "14:14:35 PST"]
[Termination "GHANDEEVAM2003 won by resignation"]

1. b3 e5 2. Bb2 Nc6 3. e3 d5 4. Nf3 Bd6 5. Bb5 Bg4 6. h3 Bxf3 7. Qxf3 Nf6 8. Nc3 O-O 9. Nxd5 Nxd5 10. Qxd5 Nb4 11. Qe4 f5 12. Qc4+ Kh8 13. a3 a6 14.
axb4 axb5 15. Qxb5 Rxa1+ 16. Bxa1 Qa8 17. O-O Qa2 18. Bxe5 Qxc2 19. Bxd6 cxd6 20. d4 Qxb3 21. Qxb7 f4 22. exf4 h6 23. g3 g5 24. fxg5 hxg5 25.
Qe7 Rf3 26. Qxd6 Qb2 27. Qh6+ Kg8 28. Qxg5+ Kh8 29. Qh5+ 1-0

[Event "Late-Titled-Tuesday-Blitz-February-06-2024"]
[Site "Chess.com"]
[Date "2024.02.06"]
[Round "2"]
[White "ansko1999"]
[Black "Lion_DL"]
[Result "1-0"]
[WhiteElo "2685"]
[BlackElo "2325"]
[TimeControl "180+1"]
[EndTime "14:14:36 PST"]
[Termination "ansko1999 won by resignation"]

1. Nf3 Nf6 2. b3 e6 3. Bb2 b6 4.
g3 Bb7 5. Bg2 Be7 6. O-O O-O 7.
c4 c5 8. d4 cxd4 9. Qxd4 Nc6 10. Qd2 Ne4 11. Qd3 Nb4 12. Qd1 Bf6 13. Qc1 d5 14.
Rd1 Rc8 15. Nc3 Nxc3 16. Bxc3 Bxc3 17. Qxc3 Qe7 18. Ne5 Rfd8 19. a3 d4 20. Qxb4 1-0

[Event "Late-Titled-Tuesday-Blitz-February-06-2024"]
[Site "Chess.com"]
[Date "2024.02.06"]
[Round "2"]
[White "traviscottofficial"]
[Black "cthake"]
[Result "1-0"]
[WhiteElo "2679"]
[BlackElo "1808"]
[TimeControl "180+1"]
[EndTime "14:14:37 PST"]
[Termination "traviscottofficial won by resignation"]

1. d4 b6 2. c4 Bb7 3. Nc3 e6 4. Nf3 Bb4 5. Bd2 f5 6. a3 Be7 7. g3 Nf6 8. Bg2 O-O 9. O-O a6 10. Re1 Qe8 11. Rc1 Qh5 12. d5 exd5 13. Nxd5 Nxd5 14.
cxd5 d6 15. Rxc7 Ra7 16. Rxe7 Rd8 17. Bc3 Rd7 18. Re6 b5 19. Qd4 h6 20. Qxa7 1-0

[Event "Late-Titled-Tuesday-Blitz-February-06-2024"]
[Site "Chess.com"]
[Date "2024.02.06"]
[Round "2"]
[White "yaguigor"]
[Black "FredddieCroderg"]
[Result "1-0"]
[WhiteElo "2719"]
[BlackElo "2386"]
[TimeControl "180+1"]
[EndTime "14:14:39 PST"]
[Termination "yaguigor won by resignation"]

1. Nf3 Nf6 2. c4 e6 3. Nc3 d5 4. d4 Be7 5. Bf4 O-O 6. e3 c5 7. dxc5 Bxc5 8. cxd5 Nxd5 9. Nxd5 exd5 10. a3 Nc6 11.
Bd3 Bg4 12. Bxh7+ Kxh7 13. Qc2+ Kg8 14. Ng5 g6 15. Qxc5 d4 16. O-O dxe3 17. Bxe3 Qa5 18. Ne4 Qxc5 19. Bxc5 Be2 20. Rfe1 Bd3 21. Bxf8 Kxf8 22.
Rad1 Rd8 23. Nc5 1-0

[Event "Late-Titled-Tuesday-Blitz-February-06-2024"]
[Site "Chess.com"]
[Date "2024.02.06"]
[Round "2"]
[White "BozeKat"]
[Black "DinaBelenkaya"]
[Result "0-1"]
[WhiteElo "1994"]
[BlackElo "2426"]
[TimeControl "180+1"]
[EndTime "14:14:40 PST"]
[Termination "DinaBelenkaya won by resignation"]

1. d4 Nf6 2. Bg5 d6 3. Nd2 g6 4. Bxf6 exf6 5. e4 Bg7 6. Bd3 O-O 7. f4 Re8 8. Qe2 f5 9. e5 dxe5 10. dxe5 Qd4 11. Ngf3 Qxf4 12. O-O-O Bxe5 13. g3 Bxb2+ 14. Kxb2 Qb4+ 15. Nb3 Rxe2 16. Bxe2 Nc6 17. a3 Qb6 18. Rhe1 Be6 19. Ng5 Bxb3 20. cxb3 Re8 21. Nxf7 Kxf7 22. Bc4+ Kf8 0-1

[Event "Late-Titled-Tuesday-Blitz-February-06-2024"]
[Site "Chess.com"]
[Date "2024.02.06"]
[Round "2"]
[White "AndreyOstrovskiy"]
[Black "Oleksandr_Bortnyk"]
[Result "0-1"]
[WhiteElo "2658"]
[BlackElo "3091"]
[TimeControl "180+1"]
[EndTime "14:14:45 PST"]
[Termination "Oleksandr_Bortnyk won by resignation"]

1. e4 Nf6 2. e5 Nd5 3. d4 d6 4.
Nf3 dxe5 5. Nxe5 c6 6. Be2 Bf5 7. Bg4 Bxg4 8. Qxg4 Nd7 9. Nxd7 Qxd7 10. Qxd7+ Kxd7 11. c3 e6 12. Nd2 Bd6 13. Nf3 b5 14. O-O a5 15. a4 Nb6 16. b3 Rhb8 17. Rd1 bxa4 18.
bxa4 Nd5 19. Bd2 Rb3 20. Ne1 Nxc3 21. Bxc3 Rxc3 22. Nd3 Rb8 23. Rac1 Rxc1 24. Rxc1 Rb3 25. Rd1 Ra3 26. Nb2 Ra2 27. Nc4 Bc7 0-1

[Event "Late-Titled-Tuesday-Blitz-February-06-2024"]
[Site "Chess.com"]
[Date "2024.02.06"]
[Round "2"]
[White "gunslinger222"]
[Black "CarrotsandPizza"]
[Result "0-1"]
[WhiteElo "2282"]
[BlackElo "2521"]
[TimeControl "180+1"]
[EndTime "14:14:45 PST"]
[Termination "CarrotsandPizza won by resignation"]

1. d4 Nf6 2. Bg5 g6 3. e3 Bg7 4. Be2 O-O 5. h4 d6 6. h5 c5 7. hxg6 hxg6 8. dxc5 dxc5 9. Qxd8 Rxd8 10. Bc4 Ne4 11.
Bxe7 Re8 12. Bh4 Bxb2 13. f3 Nd6 14. c3 Kg7 15. Bd5 Bxa1 16. Bg3 Nf5 17. Ne2 Nc6 18. e4 Nxg3 19. Nxg3 Be6 20. c4 0-1

[Event "Late-Titled-Tuesday-Blitz-February-06-2024"]
[Site "Chess.com"]
[Date "2024.02.06"]
[Round "2"]
[White "riconaipe"]
[Black "Durarbayli"]
[Result "0-1"]
[WhiteElo "2601"]
[BlackElo "2911"]
[TimeControl "180+1"]
[EndTime "14:14:52 PST"]
[Termination "Durarbayli won by resignation"]

1. d4 d5 2. c4 c6 3. Nf3 Nf6 4. e3 Bf5 5. Nc3 e6 6. Be2 h6 7.
O-O Nbd7 8. Qb3 Qb6 9. c5 Qc7 10.
Rd1 g5 11. Bd3 Bxd3 12. Rxd3 g4 13. Nd2 e5 14. e4 exd4 15. exd5 Nxc5 16. Qc4 Nxd3 17.
Qxd4 Ne5 18. Nc4 Nxc4 19. Qxf6 Qe5 0-1

[Event "Late-Titled-Tuesday-Blitz-February-06-2024"]
[Site "Chess.com"]
[Date "2024.02.06"]
[Round "2"]
[White "Jamal-Jamal-Jamal"]
[Black "Adar_07"]
[Result "0-1"]
[WhiteElo "2381"]
[BlackElo "2716"]
[TimeControl "180+1"]
[EndTime "14:14:56 PST"]
[Termination "Adar_07 won by resignation"]

1. e4 e6 2. d4 d5 3. Nd2 Nf6 4. e5 Nfd7 5. Bd3 c5 6. c3 Nc6 7.
Ne2 cxd4 8. cxd4 f6 9. Nf4 Nxd4 10. Qh5+ Ke7 11. Ng6+ hxg6 12. Qxh8 Nxe5 13. Bb1 Qc7 14. Kd1 Bd7 15. Qh4 Rc8 16. Qxd4 Qxc1+ 17. Ke2 Qxh1 18. Qb4+ Kf7 19. Bxg6+ Kxg6 0-1

[Event "Late-Titled-Tuesday-Blitz-February-06-2024"]
[Site "Chess.com"]
[Date "2024.02.06"]
[Round "2"]
[White "yuriydovzik"]
[Black "Attacker_2006"]
[Result "0-1"]
[WhiteElo "2211"]
[BlackElo "2492"]
[TimeControl "180+1"]
[EndTime "14:15:01 PST"]
[Termination "Attacker_2006 won by resignation"]

1. f4 e6 2. c4 c5 3. Nc3 Nf6 4. e4 d5 5. cxd5 exd5 6. e5 d4 7. exf6 dxc3 8. fxg7 Bxg7 9. bxc3 O-O 10. Nf3 Re8+ 11. Kf2 Bxc3 12. Bb5 Bd4+ 13. Kf1 Bxa1 14. Bxe8 Qxe8 15. Ba3 Bf6 16. Bxc5 Qb5+ 0-1

[Event "Late-Titled-Tuesday-Blitz-February-06-2024"]
[Site "Chess.com"]
[Date "2024.02.06"]
[Round "2"]
[White "Eloist"]
[Black "ljm509"]
[Result "1-0"]
[WhiteElo "2430"]
[BlackElo "2019"]
[TimeControl "180+1"]
[EndTime "14:15:05 PST"]
[Termination "Eloist won by checkmate"]

1. e4 e6 2. d4 d5 3. Nc3 dxe4 4. Nxe4 Nd7 5. Nf3 Ngf6 6. Bd3 Be7 7. c3 Nxe4 8. Bxe4 Nf6 9. Bc2 O-O 10. Qd3 h6 11. Be3 b6 12. Ne5 Bb7 13. Ng4 Re8 14. Nxf6+ Bxf6 15. Qh7+ Kf8 16. Ba4 c6 17. O-O-O b5 18.
d5 Qd6 19. dxe6 Qe5 20. Rd7 g5 21. Rxf7# 1-0

[Event "Late-Titled-Tuesday-Blitz-February-06-2024"]
[Site "Chess.com"]
[Date "2024.02.06"]
[Round "2"]
[White "Levanzovsky"]
[Black "HanSchut"]
[Result "1-0"]
[WhiteElo "2516"]
[BlackElo "2255"]
[TimeControl "180+1"]
[EndTime "14:15:07 PST"]
[Termination "Levanzovsky won by resignation"]

1. e4 c5 2. Nf3 d6 3. Bb5+ Bd7 4.
a4 g6 5. O-O Bg7 6. Nc3 e6 7.
d4 cxd4 8. Nxd4 a6 9. Be2 Nc6 10. Nb3 Qc7 11. Bf4 e5 12. Nd5 Qd8 13. Be3 Rc8 14. Bb6 Qg5 15. Nc7+ Ke7 16. Nd5+ Ke8 17.
g3 Nge7 18. Be3 1-0

[Event "Late-Titled-Tuesday-Blitz-February-06-2024"]
[Site "Chess.com"]
[Date "2024.02.06"]
[Round "2"]
[White "reigningmvp"]
[Black "carokannlover213"]
[Result "0-1"]
[WhiteElo "2383"]
[BlackElo "2751"]
[TimeControl "180+1"]
[EndTime "14:15:09 PST"]
[Termination "carokannlover213 won by resignation"]

1. e4 g6 2. Nc3 Bg7 3. f4 c6 4. h3 d5 5. e5 h5 6. d4 Nh6 7.
Be3 Nf5 8. Bf2 Qb6 9. Rb1 Be6 10. Nf3 a5 11. a3 Bd7 12. Na4 Qa7 13. Be2 e6 14.
O-O b6 15. c4 dxc4 16. d5 cxd5 17. Nxb6 Qb7 18. Nxa8 Qxa8 19. Nd4 Nxd4 20. Qxd4 Nc6 21. Qc5 Bf8 22. Qb6 Be7 23. Bc5 Bd8 24. Qb5 Nd4 25.
Qxd7+ Kxd7 26. Bxd4 Qb7 27. Rf3 Bb6 28. Bxb6 Qxb6+ 29. Kh2 Ke7 30. b3 Rb8 31. Bd1 Qd4 32. Bc2 Qd2 33. bxc4 Rxb1 34. Bxb1 dxc4 35. Be4 Qb2 36.
Kg3 c3 37. Rf2 Qxa3 38. Rc2 Qb3 39. Kf3 a4 40. Ke3 a3 41. Kd3 a2 42. Rxc3 Qxc3+ 43. Kxc3 a1=Q+ 0-1

[Event "Late-Titled-Tuesday-Blitz-February-06-2024"]
[Site "Chess.com"]
[Date "2024.02.06"]
[Round "2"]
[White "ninguno46"]
[Black "NeverGiveUppp"]
[Result "0-1"]
[WhiteElo "2517"]
[BlackElo "2448"]
[TimeControl "180+1"]
[EndTime "14:15:10 PST"]
[Termination "NeverGiveUppp won by resignation"]

1. e4 c5 2. Nc3 Nc6 3. f4 e6 4. g3 d5 5. Bg2 d4 6. Nce2 d3 7. cxd3 Nb4 8. Nf3 Nxd3+ 9. Kf1 Nf6 10. Ne5 Nxe5 11. fxe5 Ng4 12. d4 cxd4 13. Nxd4 Nxe5 14. Bf4 Ng6 15. Nb5 Nxf4 16. gxf4 Qb6 17. Qb3 Bd7 18. Nc3 Qe3 19. Qxb7 Bc5 20. Nd1 Qxf4+ 21. Ke2 Rb8 0-1

[Event "Late-Titled-Tuesday-Blitz-February-06-2024"]
[Site "Chess.com"]
[Date "2024.02.06"]
[Round "2"]
[White "HansOnTwitch"]
[Black "Titus369"]
[Result "1-0"]
[WhiteElo "3163"]
[BlackElo "2669"]
[TimeControl "180+1"]
[EndTime "14:15:11 PST"]
[Termination "HansOnTwitch won by resignation"]

1. e4 c5 2. Nf3 d6 3. d4 cxd4 4.
Nxd4 Nf6 5. Nc3 a6 6. h3 e6 7.
g4 d5 8. exd5 Nxd5 9. Bg2 Bb4 10. Bd2 Bxc3 11. bxc3 O-O 12. O-O Qc7 13. Qf3 Nc6 14. Qg3 Nxd4 15. cxd4 Qxc2 16. Be1 Bd7 17. Ba5 Qa4 18. Bc3 Bc6 19. Bb2 Rfd8 20. f4 Qc2 21. Rf2 Qc4 22. f5 exf5 23. gxf5 Nf6 24. d5 Nh5 25.
Qg5 Bxd5 26. Qxh5 Bxg2 27. Rxg2 1-0

[Event "Late-Titled-Tuesday-Blitz-February-06-2024"]
[Site "Chess.com"]
[Date "2024.02.06"]
[Round "2"]
[White "dropstoneDP"]
[Black "SaqoChess_Twitch"]
[Result "0-1"]
[WhiteElo "2996"]
[BlackElo "2640"]
[TimeControl "180+1"]
[EndTime "14:15:13 PST"]
[Termination "SaqoChess_Twitch won by resignation"]

1. e4 c5 2. Nf3 d6 3. d4 cxd4 4. Nxd4 Nf6 5. Nc3 g6 6. f3 Bg7 7. Be3 O-O 8. Qd2 Nc6 9. Bc4 Bd7 10. O-O-O Rc8 11. Bb3 Nxd4 12. Bxd4 b5 13. Nd5 Nxd5 14. exd5 Bxd4 15. Qxd4 a5 16. a3 b4 17. axb4 axb4 18.
Rhe1 Re8 19. Qxb4 Rb8 20. Qc3 Qb6 21. Kd2 Qf2+ 22. Re2 Qh4 23. g3 Qh6+ 24. Ke1 Bb5 25. Red2 Rbc8 26. Qd4 e5 27. dxe6 Bd7 28. Kf1 Bxe6 29.
Bxe6 Rxe6 30. Re1 Qh3+ 31. Kf2 Qxh2+ 32. Kf1 Qh1+ 0-1

[Event "Late-Titled-Tuesday-Blitz-February-06-2024"]
[Site "Chess.com"]
[Date "2024.02.06"]
[Round "2"]
[White "ChessFighter1975"]
[Black "Vicmary2005"]
[Result "1-0"]
[WhiteElo "2427"]
[BlackElo "1995"]
[TimeControl "180+1"]
[EndTime "14:15:13 PST"]
[Termination "ChessFighter1975 won by resignation"]

1. d4 Nf6 2. c4 g6 3. Nc3 Bg7 4. e4 d6 5. Nge2 O-O 6. Ng3 e5 7. d5 a5 8. Be2 Nbd7 9. h4 h5 10. Bg5 Qe8 11. Nb5 Qd8 12. Nc3 Nc5 13. Bxh5 gxh5 14.
Nxh5 Ncd7 15. Qf3 Qe7 16. Rh3 Re8 17. Rg3 Nxh5 18. Bxe7 Nxg3 19. Bg5 f6 20. Be3 Nh1 21. O-O-O Nf8 22. Rxh1 1-0

[Event "Late-Titled-Tuesday-Blitz-February-06-2024"]
[Site "Chess.com"]
[Date "2024.02.06"]
[Round "2"]
[White "DenLaz"]
[Black "maurovargas01"]
[Result "1-0"]
[WhiteElo "3043"]
[BlackElo "1902"]
[TimeControl "180+1"]
[EndTime "14:15:22 PST"]
[Termination "DenLaz won by resignation"]

1. d4 d5 2. c4 e6 3. Nc3 c6 4.
e4 dxc4 5. Bxc4 Nf6 6. Nf3 Bb4 7. e5 Bxc3+ 8. bxc3 Nd5 9. O-O Nxc3 10. Qc2 Nd5 11. Ba3 Nd7 12. Rfe1 a5 13. h4 b5 14. Bxd5 cxd5 15.
Bd6 Nb6 16. Bc7 Qd7 17. Bxb6 O-O 18. Ng5 g6 19. Bc5 Re8 20. Re3 h6 21. Nh3 b4 22.
Rg3 Kg7 23. Nf4 Rg8 24. Nxg6 fxg6 25. Qxg6+ 1-0

[Event "Late-Titled-Tuesday-Blitz-February-06-2024"]
[Site "Chess.com"]
[Date "2024.02.06"]
[Round "2"]
[White "VitaliyChayka"]
[Black "Jospem"]
[Result "0-1"]
[WhiteElo "2414"]
[BlackElo "3039"]
[TimeControl "180+1"]
[EndTime "14:15:23 PST"]
[Termination "Jospem won by checkmate"]

1. d4 Nf6 2. Bf4 e6 3. e3 b6 4.
Nf3 Bb7 5. h3 d6 6. Be2 Nbd7 7.
O-O Be7 8. a4 h6 9. a5 g5 10.
Bh2 g4 11. hxg4 Nxg4 12. Bg3 Rb8 13. c4 h5 14. Nfd2 Ndf6 15. Nc3 h4 16. Bf4 h3 17.
Bf3 hxg2 18. Kxg2 Rg8 19. Bg3 Nh5 20. Bxb7 Nxg3 21. Bc6+ Kf8 22. Rg1 Nf5 23. Kf3 Bh4 24. Rxg4 Rxg4 25. Kxg4 Bxf2 26. Qh1 Qf6 27. Nde4 Nxe3+ 28. Kh5 Qg6# 0-1

[Event "Late-Titled-Tuesday-Blitz-February-06-2024"]
[Site "Chess.com"]
[Date "2024.02.06"]
[Round "2"]
[White "aghasiyevkamal"]
[Black "jcmesafischer"]
[Result "0-1"]
[WhiteElo "2618"]
[BlackElo "2376"]
[TimeControl "180+1"]
[EndTime "14:15:23 PST"]
[Termination "jcmesafischer won by checkmate"]

1. d4 Nf6 2. c4 e6 3. Nf3 d5 4. g3 Bb4+ 5. Bd2 Be7 6. Bg2 O-O 7. O-O dxc4 8. Qc2 a6 9. a4 Bd7 10. Ne5 Nc6 11. Nxc6 Bxc6 12. Bxc6 bxc6 13. Qxc4 Qd5 14. Qd3 c5 15. dxc5 Qxd3 16. exd3 Bxc5 17. Rc1 Bd4 18.
Bc3 Rfd8 19. Na3 Ng4 20. Bxd4 Rxd4 21. Rxc7 Rxd3 22. Rac1 h5 23. h3 Ne5 24. h4 Rd2 25.
R1c2 Rad8 26. b4 Nf3+ 27. Kf1 Rd1+ 28. Ke2 R8d3 29. R7c4 Ng1# 0-1

[Event "Late-Titled-Tuesday-Blitz-February-06-2024"]
[Site "Chess.com"]
[Date "2024.02.06"]
[Round "2"]
[White "bescmelasti"]
[Black "LyonBeast"]
[Result "0-1"]
[WhiteElo "2666"]
[BlackElo "3159"]
[TimeControl "180+1"]
[EndTime "14:15:26 PST"]
[Termination "LyonBeast won by resignation"]

1. e4 c5 2. Nf3 Nc6 3. Bb5 g6 4.
Bxc6 bxc6 5. O-O Bg7 6. Re1 Qc7 7. d3 d6 8. c3 Nf6 9. Nbd2 e5 10. d4 cxd4 11.
cxd4 exd4 12. Nxd4 O-O 13. Qc2 c5 14. Nb5 Qc6 15. Nc3 Re8 16. Nc4 d5 17. Nd2 Bf5 18. f3 Rad8 19. Re2 dxe4 20. Ndxe4 Nxe4 21. Nxe4 Bd4+ 22. Be3 Bxe4 23. fxe4 Qxe4 24. Qxe4 Rxe4 25. Rae1 Rde8 26.
Kf2 Rxe3 27. Rxe3 f5 28. Kf3 Bxe3 29. Rxe3 Rxe3+ 30. Kxe3 Kf7 31. Kd3 Ke6 32. Kc4 Kd6 33. Kb5 f4 0-1

[Event "Late-Titled-Tuesday-Blitz-February-06-2024"]
[Site "Chess.com"]
[Date "2024.02.06"]
[Round "2"]
[White "GadimbayliA"]
[Black "elchacal664"]
[Result "1-0"]
[WhiteElo "2810"]
[BlackElo "2401"]
[TimeControl "180+1"]
[EndTime "14:15:27 PST"]
[Termination "GadimbayliA won by resignation"]

1. e4 d6 2. d4 g6 3. Nc3 Bg7 4. Nf3 c6 5. Be2 Nf6 6. O-O O-O 7. a4 Bg4 8. h3 Bxf3 9. Bxf3 e5 10. Be3 Nbd7 11. dxe5 Nxe5 12. Be2 d5 13. exd5 Nxd5 14. Nxd5 cxd5 15. c3 Nc4 16. Bxc4 dxc4 17. Qf3 Qc7 18. a5 Qc6 19. Qxc6 bxc6 20. Ra4 Rab8 21. Bc1 Rb5 22. Rxc4 c5 23. Ra4 Rc8 24. Rd1 c4 25. g3 Bf6 26. Kg2 Kg7 27. Rd7 a6 28.
Rd6 Re8 29. Rxa6 Re1 30. Bh6+ Kxh6 31. Rxf6 Rxb2 32. a6 Kg7 33. a7 Re8 34. Rc6 Ra8 35. Rc7 Rb3 36. Raxc4 1-0

[Event "Late-Titled-Tuesday-Blitz-February-06-2024"]
[Site "Chess.com"]
[Date "2024.02.06"]
[Round "2"]
[White "TheAlienParty"]
[Black "TheCavemanChess"]
[Result "0-1"]
[WhiteElo "2380"]
[BlackElo "2704"]
[TimeControl "180+1"]
[EndTime "14:15:27 PST"]
[Termination "TheCavemanChess won by checkmate"]

1. c4 g6 2. g3 Nf6 3. Bg2 Bg7 4. d4 O-O 5. Nc3 d6 6. Nf3 Nc6 7. O-O Bg4 8. d5 Bxf3 9. Bxf3 Ne5 10.
Qb3 Nxf3+ 11. exf3 Qc8 12. Kg2 c6 13. Be3 a6 14. Rac1 Nd7 15. a4 c5 16. Qa3 Ne5 17.
Ne2 b5 18. cxb5 axb5 19. a5 Nc4 20. Qb3 Rxa5 21. Bg5 Qf5 22. h4 h6 23. Bxe7 Re8 24. Rxc4 bxc4 25. Qb6 Rxe7 26. Qd8+ Bf8 27. Qxa5 Rxe2 28. Qb5 Qxd5 29. Ra1 Qd4 30. Rf1 Rxb2 31. Qe8 c3 32. g4 c2 33. Re1 c1=Q 34. Rxc1 Qxf2+ 35. Kh3 Qxf3# 0-1

[Event "Late-Titled-Tuesday-Blitz-February-06-2024"]
[Site "Chess.com"]
[Date "2024.02.06"]
[Round "2"]
[White "chenxiaoyuer"]
[Black "Bkmzzzzz"]
[Result "1-0"]
[WhiteElo "2741"]
[BlackElo "2409"]
[TimeControl "180+1"]
[EndTime "14:15:33 PST"]
[Termination "chenxiaoyuer won by resignation"]

1. e4 d6 2. d4 Nf6 3. Nc3 e5 4. Nf3 Nbd7 5. Bc4 Be7 6. O-O O-O 7. a4 c6 8. b3 b6 9. Bg5 a6 10. d5 cxd5 11. Nxd5 Nxd5 12. Qxd5 Ra7 13. Bxe7 Qxe7 14. Rad1 Bb7 15. Qxd6 Qxd6 16. Rxd6 Bxe4 17. Rfd1 Bxf3 18. gxf3 Nf6 19. Rxb6 a5 20. Rb5 e4 21. fxe4 Nxe4 22. Rdd5 Nc3 23. Rxa5 Re7 24. Re5 Rd7 25. Rac5 Rd2 26.
Bxf7+ Rxf7 27. Re8+ Rf8 28. Rxf8+ Kxf8 29. Rxc3 1-0

[Event "Late-Titled-Tuesday-Blitz-February-06-2024"]
[Site "Chess.com"]
[Date "2024.02.06"]
[Round "2"]
[White "RichardLeyvaP"]
[Black "Chessdude1987"]
[Result "0-1"]
[WhiteElo "2505"]
[BlackElo "2297"]
[TimeControl "180+1"]
[EndTime "14:15:37 PST"]
[Termination "Chessdude1987 won by resignation"]

1. e4 e6 2. d4 d5 3. Nc3 Nf6 4. Bg5 h6 5. Bxf6 Qxf6 6. Nf3 Bb4 7. e5 Qd8 8. a3 Be7 9. Bd3 c5 10. dxc5 Bxc5 11. O-O Nc6 12. b4 Bb6 13. Re1 Bd7 14. Na4 Nxe5 15. Nxe5 Bxa4 16. Qh5 Qf6 17. Nxf7 O-O 18.
Ne5 Bxf2+ 19. Kh1 Bxe1 20. Rxe1 Bxc2 21. Qe2 Bxd3 22. Qxd3 Qf5 23. Qd1 Rac8 24. h3 Rc2 25.
Nf3 Rb2 26. Nd4 Qf2 27. Rg1 Rd2 0-1

[Event "Late-Titled-Tuesday-Blitz-February-06-2024"]
[Site "Chess.com"]
[Date "2024.02.06"]
[Round "2"]
[White "Nouali_Mohamed"]
[Black "Binary010"]
[Result "1-0"]
[WhiteElo "2577"]
[BlackElo "2837"]
[TimeControl "180+1"]
[EndTime "14:15:40 PST"]
[Termination "Nouali_Mohamed won by resignation"]

1. e4 e5 2. Bc4 Nf6 3. Nc3 Nxe4 4. Qh5 Nd6 5. Bb3 Be7 6. Nf3 Nc6 7. Nxe5 Nxe5 8.
Qxe5 O-O 9. O-O Bf6 10. Qf4 b6 11. d4 Bb7 12. Nd5 Bxd5 13. Bxd5 Rc8 14. c3 Re8 15.
Be3 Qe7 16. Rfe1 c6 17. Bb3 Qf8 18. Re2 Re4 19. Qf3 Rce8 20. Rae1 b5 21. Bc2 R4e7 22. d5 Nc4 23. Qf5 Re4 1-0